 Dungeon Crawl Stone Soup version 0.26-a0-652-gafc20e3620 (webtiles) character file.

Game seed: 4394657848492313104

239174 vt the Severer (level 18, -3/183 HPs)
             Began as a Deep Dwarf Fighter on Oct 3, 2020.
             Was the Champion of Makhleb.
             Splashed by a caustic shrike's acid (8 damage)
             ... on level 5 of the Depths.
             The game lasted 00:51:14 (21990 turns).

vt the Severer (Deep Dwarf Fighter)                Turns: 21990, Time: 00:51:15

Health: -3/183     AC: 16    Str: 27    XL:     18   Next: 58%
Magic:  8/8        EV: 11    Int:  6    God:    Makhleb [******]
Gold:   37         SH: 29    Dex: 12    Spells: 17/17 levels left

rFire    + + .     SeeInvis +   a - +4 broad axe
rCold    + + .     Faith    +   R - +10 tower shield of Ignorance {rN+ Int-4}
rNeg     + + +     Spirit   .   K - +4 plate armour {rC+}
rPois    +         Reflect  .   U - +2 helmet "Quuqia" {rN+}
rElec    .         Harm     .   Q - scarf {rC+ rF+}
rCorr    .         Rampage  .   B - +0 pair of gloves
MR       ++...                  M - +2 pair of boots {run}
Stlth    ..........             y - amulet of faith
HPRegen  0.00/turn              f - ring of protection from fire
MPRegen  0.11/turn              c - ring "Meuvoic" {rPois rN+ SInv Stlth-}

@: corroded, non-regenerating, quick
A: damage resistance, heal wounds, negative energy resistance 1, sense
surroundings 3, no regeneration
}: 2/15 runes: decaying, serpentine
a: Heal Wounds, Minor Destruction, Lesser Servant of Makhleb, Major Destruction,
Greater Servant of Makhleb, Renounce Religion


You were on level 5 of the Depths.
You worshipped Makhleb.
Makhleb was exalted by your worship.
You visited 7 branches of the dungeon, and saw 36 of its levels.

You collected 3554 gold pieces.
You spent 3517 gold pieces at shops.

Inventory:

Hand Weapons
 a - a +4 broad axe (weapon)
   (You took it off an orc knight on level 2 of the Orcish Mines)
Missiles
 g - 80 poisoned darts (quivered)
 v - a throwing net
 V - 9 curare-tipped darts
 Y - 3 javelins
Armour
 s - a +0 cloak
   (You found it on level 3 of the Dungeon)
 B - a +0 pair of gloves (worn)
   (You found it on level 7 of the Dungeon)
 K - a +4 plate armour of cold resistance (worn)
   (You took it off an orc warrior on level 2 of the Orcish Mines)
 M - a +2 pair of boots of running (worn)
   (You bought it in a shop on level 2 of the Orcish Mines)
 Q - a scarf of resistance (worn)
   (You acquired it on level 4 of the Snake Pit)
 R - the +10 tower shield of Ignorance (worn) {rN+ Int-4}
   (You acquired it on level 4 of the Snake Pit)

   It affects your intelligence (-4).
   It protects you from negative energy.
 U - the +2 helmet "Quuqia" (worn) {rN+}
   (You found it on level 11 of the Dungeon)

   It protects you from negative energy.
Jewellery
 c - the ring "Meuvoic" (right hand) {rPois rN+ SInv Stlth-}
   (You bought it in a shop on level 2 of the Orcish Mines)

   [ring of attention]

   It protects you from poison.
   It protects you from negative energy.
   It lets you see invisible.
   It makes you less stealthy.
 f - a ring of protection from fire (left hand)
   (You found it on level 4 of the Lair of Beasts)
 k - an uncursed ring of resist corrosion
   (You took it off a kobold on level 2 of the Dungeon)
 y - an amulet of faith (around neck)
   (You found it on level 15 of the Dungeon)
 F - an uncursed ring of see invisible
   (You found it on level 1 of the Dungeon)
Wands
 i - a wand of polymorph (21)
   (You found it on level 4 of the Lair of Beasts)
 l - a wand of enslavement (4)
   (You found it on level 13 of the Dungeon)
 u - a wand of disintegration (40)
   (You took it off an orc wizard on level 9 of the Dungeon)
 A - a wand of digging (4)
   (You found it on level 4 of the Snake Pit)
 E - a wand of acid (10)
   (You found it on level 7 of the Dungeon)
 G - a wand of iceblast (6)
   (You found it on level 13 of the Dungeon)
 H - a wand of paralysis (6)
   (You found it on level 9 of the Dungeon)
 P - a wand of random effects (11)
   (You found it on level 3 of the Snake Pit)
Scrolls
 b - a scroll of silence
 j - 6 scrolls of magic mapping
 m - 2 scrolls of fear
 r - 10 scrolls of identify
 t - 16 scrolls of teleportation
 x - 2 scrolls of remove curse
 z - 3 scrolls of blinking
 L - 2 scrolls of immolation
 W - a scroll of summoning
Potions
 d - 3 potions of might
 e - 2 potions of magic
 h - 5 potions of haste
 n - 2 potions of resistance
 o - 4 potions of stabbing
 p - a potion of lignification
 q - 10 potions of curing
 w - 8 potions of heal wounds
 C - 4 potions of cancellation
 D - 2 potions of invisibility
 S - 8 potions of ambrosia {amb}
 T - 4 potions of mutation
 X - 3 potions of berserk rage
Miscellaneous
 I - a box of beasts (3/3)
   (You found it on level 13 of the Dungeon)
 J - a condenser vane (1/2)
   (You found it on level 2 of the Depths)
 O - a phial of floods
   (You found it on level 3 of the Snake Pit)
 Z - a lightning rod (4/4)
   (You found it on level 12 of the Dungeon)


   Skills:
 + Level 16.5 Fighting
 - Level 18.0 Axes
 - Level 12.7 Armour
 - Level 12.6 Dodging
 - Level 12.2 Shields
 + Level 17.3 Invocations
 - Level 12.0 Evocations


You had 17 spell levels left.
You didn't know any spells.
Your spell library was empty.

Dungeon Overview and Level Annotations

Branches:
Dungeon (15/15)            Temple (1/1) D:5            Lair (5/6) D:9
  Swamp (4/4) Lair:3        Snake (4/4) Lair:4          Orc (2/2) D:10
    Elf (0/3) Orc:2        Vaults (0/5) D:14         Depths (5/5) D:15
  Slime: Lair:5-6       Zot: Depths:5

Altars:
Ashenzari
Dithmenos
Gozag
Hepliaklqana
Makhleb
Ru
Trog
Wu Jian
Xom
Zin
The Shining One
Beogh

Shops:
D:11 *   D:12 }   Orc:2 =(*[   Snake:2 **   Snake:4 *   Depths:5 =!(

Portals:
Hell: Depths:1 Depths:2 Depths:4
Abyss: D:12 Depths:4
Pandemonium: Depths:5
Ziggurat: Depths:2
Trove: D:14 (give +4 storm dragon scales)

Annotations:
D:12 2 transporters, oldriver's ghost, journeyman GrFE
Lair:3 exclusion: oklob plant
Lair:4 exclusion: oklob plant
Swamp:4 Lernaean hydra
Snake:2 3 runed translucent doors, exclusion: obsidian statue, littlecub's ghost, journeyman DsGl
Depths:4 exclusions: 4 doors and upstairs


Innate Abilities, Weirdness & Mutations

You are resistant to damage.
You can heal yourself by infusing magical energy.
You resist negative energy. (rN+)
You passively map a large area around you.
You do not regenerate.


Message History

* * * LOW HITPOINT WARNING * * *
The red devil hits you but does no damage.
Evoke which item? (* to show all) (? for menu, Esc to quit)
Clouds of flame condense around you!
The caustic shrike is engulfed in blazing flames.
You block the caustic shrike's attack.
The caustic shrike is engulfed in blazing flames.
You block the caustic shrike's attack.
The hellwing hits you but does no damage.
You block the hellwing's attack.
The caustic shrike is engulfed in blazing flames.
The caustic shrike claws you!
* * * LOW HITPOINT WARNING * * *
The acid corrodes you!
You are splashed with acid!
* * * LOW HITPOINT WARNING * * *
The caustic shrike is engulfed in blazing flames.
The caustic shrike claws you!!
* * * LOW HITPOINT WARNING * * *
You are splashed with acid!
You die...

,, ,.## #..# ,,,,
...#*,,##.# , ,
....# #.## , , ,
§....# +..# ,,
,,, #...###..# *
* #........####**
, ,
#...§§§....... ,
, , ,
##..§4###.####
,......#@b#*.#* *
,, ,
....####b##..##*
, , ..#
#.D.D4§....., * ,
,
,.*#...#†#§#.#.#.
, ....) .#.#.#.#
,* ,,, ,,....,.#
#.#.#.#,,, , ...
.., #.#.#.# * ,,
.. .. * #∩#.#. *
, ,,.,###, ,#.#.


You could see 2 caustic shrikes, an ice dragon, a hellwing and a red devil.

Vanquished Creatures
  A caustic shrike (Depths:5)
  Saint Roka (Orc:2)
  Vashnia (Snake:4)
  A quicksilver dragon (Depths:5)
  Frances (D:12)
  2 thorn hunters
  9 nagarajas
  An orc warlord (Orc:1)
  A fire giant (Depths:4)
  A frost giant (Depths:3)
  A balrug (Depths:5)
  A spriggan defender (Depths:3)
  3 stone giants
  5 very ugly things (Depths:4)
  4 vampire knights
  5 ettins
  A fire dragon (Depths:4)
  Fannar (D:10)
  Josephine (D:10)
  A yaktaur captain (Depths:3)
  7 centaur warriors
  15 hydras
  2 ice dragons (Depths:4)
  A spriggan air mage (Depths:2)
  Erica (Orc:1)
  10 two-headed ogres
  16 naga warriors
  9 anacondas
  8 alligators
  2 deep troll shamans (Depths:2)
  10 naga sharpshooters
  2 ogre magi
  A storm dragon zombie (D:15)
  6 orc high priests
  Urug (D:13)
  4 shock serpents (Snake:4)
  6 spriggans (Swamp:1)
  An iron troll (Depths:2)
  6 salamander mystics
  6 skeletal warriors
  An unseen horror (D:10)
  A glowing orange brain (Depths:5)
  6 deep trolls
  9 naga ritualists
  A spriggan druid (Swamp:4)
  A flayed ghost (D:15)
  8 swamp dragons (Swamp:4)
  3 orc knights
  A wizard (D:15)
  A necromancer (D:15)
  10 mana vipers
  3 orc sorcerers
  2 deep elf magi
  3 cyclopes
  18 ugly things
  18 slime creatures
  14 salamanders
  A guardian serpent (shapeshifter) (D:12)
  2 centaur zombies
  8 naga magi
  A gargoyle (D:12)
  A smoke demon (Depths:5)
  6 guardian serpents
  23 black mambas
  A torpor snail (Lair:2)
  10 cane toads
  4 spectral swamp worms (Depths:1)
  4 centaur skeletons (D:14)
  6 komodo dragons
  3 kobold demonologists
  A rime drake (Lair:1)
  An efreet (D:15)
  8 yaktaurs
  A tengu conjurer (D:12)
  A queen bee (D:14)
  A wind drake (shapeshifter) (Depths:1)
  3 meliai (D:14)
  6 hornets (Swamp:1)
  5 trolls
  5 tyrant leeches
  A polar bear (Lair:2)
  A spriggan zombie (D:15)
  5 dream sheep (Lair:5)
  10 blink frogs
  5 hippogriffs
  7 wraiths
  2 fire dragon skeletons (D:15)
  A redback (shapeshifter) (Depths:4)
  4 basilisks
  A wyvern (Lair:3)
  25 yaks
  6 vampire mosquitoes
  A water elemental (Depths:2)
  A golden eye (D:11)
  A steam dragon (D:11)
  47 nagas
  10 swamp worms
  A soldier ant (D:15)
  7 wargs
  Edmund (D:5)
  10 insubstantial wisps
  Duvessa (D:5)
  19 water moccasins
  3 porcupines
  4 ice beasts
  5 sky beasts
  41 orc warriors
  7 swamp drakes
  3 black bears
  2 phantoms
  A boggart (D:12)
  21 ogres
  3 crocodiles
  6 wolves (Lair:1)
  18 centaurs
  8 big kobolds
  A wyvern zombie (D:8)
  14 bullfrogs
  A water moccasin zombie (D:6)
  3 scorpions
  Dowan (D:5)
  2 wyvern skeletons
  26 killer bees
  2 howler monkeys (D:12)
  5 wights (D:9)
  3 electric eels
  A bullfrog zombie (D:5)
  31 orc priests
  4 jellies
  10 hounds
  32 orc wizards
  2 bullfrog skeletons
  4 iguanas
  Natasha (thrice) (D:1)
  8 worker ants
  A worker ant zombie (D:10)
  16 adders
  2 shadow imps
  3 white imps
  An ufetubus (D:10)
  2 oozes
  An adder zombie (D:7)
  An adder skeleton (D:6)
  2 worms
  2 dart slugs (D:2)
  A leopard gecko (D:1)
  115 orcs
  11 bats
  2 giant cockroaches
  5 goblins
  8 hobgoblins
  12 jackals
  26 kobolds
  9 quokkas
  4 ball pythons
  4 frilled lizards
  A leopard gecko zombie (D:4)
  A quokka skeleton (D:9)
  4 rats
1034 creatures vanquished.

Vanquished Creatures (collateral kills)
  Jorgrun (Orc:1)
  A lich (Depths:5)
  A thorn hunter (Swamp:2)
  Aizul (Snake:2)
  An ettin (Orc:1)
  A naga warrior (Snake:2)
  2 ice dragons
  A hydra (Swamp:4)
  A tengu warrior (D:12)
  2 deep troll earth magi (Depths:2)
  A deep troll shaman (Depths:2)
  An orc high priest (D:12)
  2 naga sharpshooters (Snake:2)
  An iron troll (Depths:2)
  3 deep trolls (Depths:2)
  A swamp dragon (Swamp:4)
  An orc knight (Orc:2)
  A salamander (Snake:2)
  A centaur zombie (D:12)
  A centaur skeleton (D:12)
  A troll (D:12)
  A hornet (Swamp:2)
  2 water elementals (Depths:2)
  A spriggan (Swamp:2)
  A shadow (D:12)
  A vampire mosquito (D:12)
  An acid dragon (D:12)
  An orc warrior (Orc:1)
  An orc priest (Orc:2)
  3 orc wizards
  5 orcs
  3 briar patches (Swamp:2)
46 creatures vanquished.

Vanquished Creatures (others)
  A fire giant (Depths:2)
  A vampire mosquito (Swamp:1)
  A naga (Snake:4)
  22 fungi
  49 plants
  5 withered plants (D:15)
79 creatures vanquished.

Grand Total: 1159 creatures vanquished

Notes
Turn   | Place    | Note
-------+----------+-------------------------------------------
     0 | D:1      | vt the Deep Dwarf Fighter began the quest for the Orb.
     0 | D:1      | Reached XP level 1. HP: 20/20 MP: 1/1
    62 | D:2      | Noticed Natasha
    66 | D:1      | Reached skill level 3 in Axes
    67 | D:1      | Reached XP level 2. HP: 12/27 MP: 2/2
    72 | D:1      | Noticed a crimson imp
    73 | D:1      | Killed Natasha
    73 | D:1      | Reached skill level 4 in Axes
    73 | D:1      | Reached XP level 3. HP: 18/33 MP: 2/2
    82 | D:1      | Noticed Natasha
    94 | D:1      | Killed Natasha
   109 | D:1      | Noticed Natasha
   122 | D:1      | Reached XP level 4. HP: 35/40 MP: 3/3
   165 | D:1      | Killed Natasha
   165 | D:1      | Reached skill level 5 in Axes
   301 | D:2      | Reached XP level 5. HP: 42/46 MP: 4/4
   464 | D:2      | Noticed an ogre
   469 | D:2      | Killed an ogre
   469 | D:2      | Reached skill level 6 in Axes
   615 | D:3      | Reached skill level 7 in Axes
   615 | D:3      | Reached XP level 6. HP: 38/55 MP: 5/5
   701 | D:4      | Reached skill level 8 in Axes
   809 | D:4      | Found an ornate altar of the Wu Jian Council.
   905 | D:4      | Reached XP level 7. HP: 28/61 MP: 6/6
  1258 | D:5      | Entered Level 5 of the Dungeon
  1274 | D:5      | Reached skill level 9 in Axes
  1294 | D:5      | Found a staircase to the Ecumenical Temple.
  1300 | D:5      | Noticed Edmund
  1303 | Temple   | Entered the Ecumenical Temple
  1316 | Temple   | Became a worshipper of Makhleb the Destroyer
  1347 | D:5      | Killed Edmund
  1367 | D:5      | Reached skill level 10 in Axes
  1396 | D:5      | Noticed a hippogriff
  1406 | D:5      | Killed a hippogriff
  1406 | D:5      | Reached XP level 8. HP: 38/72 MP: 7/7
  1513 | D:5      | Found a broken altar of Ashenzari.
  1735 | D:5      | Reached * piety under Makhleb
  1770 | D:5      | Reached skill level 11 in Axes
  1907 | D:5      | Noticed Duvessa
  1923 | D:5      | Noticed Dowan
  1946 | D:5      | Killed Dowan
  1946 | D:5      | Reached skill level 5 in Fighting
  1950 | D:5      | Killed Duvessa
  2259 | D:6      | Gained mutation: You passively map the area around you.
                  | [Deep Dwarf growth]
  2259 | D:6      | Reached XP level 9. HP: 52/81 MP: 6/6
  2488 | D:6      | Reached ** piety under Makhleb
  3333 | D:7      | Reached skill level 12 in Axes
  3356 | D:7      | Found a burning altar of Makhleb.
  3477 | D:8      | Noticed a komodo dragon
  3501 | D:8      | Killed a komodo dragon
  3814 | D:7      | Got a brightly glowing ring mail
  3832 | D:7      | Identified the cursed +0 ring mail "Jujecwef" {rN+++ Regen+
                  | rCorr Slay+3} (You found it on level 7 of the Dungeon)
  4088 | D:9      | Reached *** piety under Makhleb
  4169 | D:9      | Reached XP level 10. HP: 48/96 MP: 5/5
  4260 | D:10     | Entered Level 10 of the Dungeon
  4382 | D:10     | Reached skill level 13 in Axes
  4403 | D:10     | Found a staircase to the Orcish Mines.
  4405 | D:10     | Noticed Fannar
  4452 | D:10     | Killed Fannar
  4562 | D:10     | Noticed an unseen horror
  4569 | D:10     | Killed an unseen horror
  4575 | D:10     | Got a bloodstained chain mail
  4585 | D:10     | Identified the cursed +0 chain mail "Uggeza Keul" {Regen+
                  | Dex+6} (You found it on level 10 of the Dungeon)
  4699 | D:10     | Noticed Josephine
  4739 | D:10     | Killed Josephine
  4739 | D:10     | Reached skill level 1 in Dodging
  4866 | D:10     | Reached **** piety under Makhleb
  5106 | D:9      | Reached XP level 11. HP: 86/106 MP: 7/7
  5260 | D:9      | Found a staircase to the Lair.
  5289 | Lair:1   | Entered Level 1 of the Lair of Beasts
  5289 | Lair:1   | Noticed a four-headed hydra
  5337 | D:9      | Killed a four-headed hydra
  5400 | Lair:1   | Reached skill level 14 in Axes
  5556 | Lair:1   | Reached skill level 5 in Armour
  5624 | Lair:2   | HP: 2/106 [electric eel/bolt of electricity (11)]
  5907 | Lair:2   | Reached skill level 5 in Invocations
  5907 | Lair:2   | Reached skill level 5 in Evocations
  6194 | Lair:2   | Reached skill level 10 in Fighting
  6194 | Lair:2   | Reached skill level 5 in Dodging
  6475 | Lair:3   | Reached XP level 12. HP: 82/116 MP: 10/10
  6539 | Lair:3   | Reached ***** piety under Makhleb
  6581 | Lair:3   | Found a staircase to the Swamp.
  7650 | Lair:4   | Found a staircase to the Snake Pit.
  7938 | Lair:4   | Identified a scroll of acquirement
  7941 | Lair:4   | Acquired a manual of Fighting
  8187 | Lair:4   | Found an opulent altar of Gozag.
  8350 | Lair:5   | Noticed a six-headed hydra
  8378 | Lair:5   | Killed a two-headed hydra
  8378 | Lair:5   | Reached skill level 15 in Axes
  8453 | Lair:5   | Acquired 853 gold pieces
  9504 | Orc:1    | Entered Level 1 of the Orcish Mines
  9504 | Orc:1    | Noticed an ettin
  9518 | Orc:1    | Killed an ettin
  9542 | Orc:1    | Noticed Jorgrun
  9558 | Orc:1    | Killed Jorgrun
  9558 | Orc:1    | Reached XP level 13. HP: 96/127 MP: 13/13
  9851 | Orc:2    | Entered Level 2 of the Orcish Mines
  9851 | Orc:2    | Found a roughly hewn altar of Beogh.
  9851 | Orc:2    | Found a staircase to the Elven Halls.
 10124 | Orc:2    | Noticed Saint Roka
 10159 | Orc:2    | Killed Saint Roka
 10451 | Orc:2    | Reached skill level 10 in Armour
 10593 | Orc:2    | Noticed an orc warlord
 10640 | Orc:1    | Noticed Erica
 10657 | Orc:1    | Killed Erica
 10875 | Orc:1    | Killed an orc warlord
 10967 | Orc:1    | Reached skill level 10 in Dodging
 11411 | Orc:2    | Found Usaron's Antique Armour Shoppe.
 11412 | Orc:2    | Found Merhe's Antique Weapon Shoppe.
 11413 | Orc:2    | Found Futime's General Store.
 11413 | Orc:2    | Found Gadd's Jewellery Emporium.
 11417 | Orc:2    | Bought a scroll of teleportation for 48 gold pieces
 11417 | Orc:2    | Bought a scroll of teleportation for 48 gold pieces
 11473 | Orc:2    | Bought a pair of runed boots for 270 gold pieces
 11483 | Orc:2    | Identified a +2 pair of boots of running (You bought it in
                  | a shop on level 2 of the Orcish Mines)
 11497 | Orc:2    | Bought the ring "Meuvoic" {rPois rN+ SInv Stlth-} for 406
                  | gold pieces
 11684 | Swamp:1  | Entered Level 1 of the Swamp
 11845 | Swamp:1  | Reached skill level 5 in Shields
 11845 | Swamp:1  | Gained mutation: You resist negative energy. (rN+) [Deep
                  | Dwarf growth]
 11845 | Swamp:1  | Reached XP level 14. HP: 93/141 MP: 9/9
 12020 | Swamp:2  | Noticed a thorn hunter
 12152 | Swamp:2  | Killed a thorn hunter
 12154 | Swamp:2  | Found Fiuzxiqia's Island Escapes.
 12174 | Swamp:2  | Bought a scroll of teleportation for 42 gold pieces
 12174 | Swamp:2  | Bought a scroll of teleportation for 42 gold pieces
 12174 | Swamp:2  | Bought a potion of invisibility for 112 gold pieces
 12174 | Swamp:2  | Bought a scroll of teleportation for 42 gold pieces
 12174 | Swamp:2  | Bought a scroll of blinking for 105 gold pieces
 12174 | Swamp:2  | Bought a scroll of blinking for 105 gold pieces
 12174 | Swamp:2  | Bought a scroll of blinking for 105 gold pieces
 12624 | Swamp:4  | Entered Level 4 of the Swamp
 12761 | Swamp:3  | Reached ****** piety under Makhleb
 12953 | Swamp:4  | Reached skill level 15 in Fighting
 12986 | Swamp:4  | Noticed a thorn hunter
 13003 | Swamp:4  | Killed a thorn hunter
 13076 | Swamp:4  | Noticed the 27-headed Lernaean hydra
 13093 | Swamp:4  | Noticed an Executioner
 13138 | Swamp:4  | uh
 13384 | Swamp:4  | Got a decaying rune of Zot
 13665 | Snake:1  | Entered Level 1 of the Snake Pit
 13727 | Snake:1  | Reached XP level 15. HP: 154/154 MP: 8/8
 13755 | Snake:1  | Reached skill level 10 in Invocations
 13860 | Snake:1  | You fall into a shaft and drop 1 floor!
 13861 | Snake:2  | Noticed Aizul
 13886 | Snake:2  | Killed Aizul
 13963 | Snake:2  | Found a runed translucent gate.
 13963 | Snake:2  | Found a runed translucent gate.
 13963 | Snake:2  | Found a runed translucent gate.
 13964 | Snake:2  | Found an opulent altar of Gozag.
 13964 | Snake:2  | Found Sykuosm's Assorted Antiques.
 13964 | Snake:2  | Noticed littlecub's ghost (journeyman DsGl)
 13988 | Snake:2  | Found Rajuru's Assorted Antiques.
 14070 | Snake:3  | Noticed a nagaraja
 14103 | Snake:3  | Killed a nagaraja
 14103 | Snake:3  | Reached skill level 16 in Axes
 14213 | Snake:4  | Entered Level 4 of the Snake Pit
 14282 | Snake:4  | Noticed a nagaraja
 14293 | Snake:4  | Killed a nagaraja
 14368 | Snake:4  | Reached skill level 10 in Evocations
 14600 | Snake:4  | Noticed a nagaraja
 14602 | Snake:4  | Noticed Vashnia
 14606 | Snake:4  | Noticed a nagaraja
 14608 | Snake:4  | Killed a nagaraja
 14635 | Snake:4  | Killed a nagaraja
 14639 | Snake:4  | Noticed a nagaraja
 14650 | Snake:4  | Killed Vashnia
 14650 | Snake:4  | Reached skill level 17 in Axes
 14650 | Snake:4  | Reached XP level 16. HP: 155/163 MP: 10/10
 14844 | Snake:4  | Reached skill level 18 in Axes
 14844 | Snake:4  | Reached skill level 15 in Invocations
 14992 | Snake:4  | Got a serpentine rune of Zot
 15022 | Snake:4  | Found Mokuq's General Store.
 15030 | Snake:4  | Bought a potion of invisibility for 104 gold pieces
 16391 | Snake:4  | Bought 2 scrolls of acquirement for 1352 gold pieces
 16391 | Snake:4  | Acquired a scarf of resistance
 16392 | Snake:4  | Acquired the +10 tower shield of Ignorance {rN+ Int-4}
 16393 | Snake:4  | Found the +10 tower shield of Ignorance {rN+ Int-4}
 16891 | D:11     | Got a shimmering helmet
 16896 | D:11     | Identified the +2 helmet "Quuqia" {rN+} (You found it on
                  | level 11 of the Dungeon)
 17280 | D:12     | Found a transporter.
 17280 | D:12     | Found a one-way gate to the infinite horrors of the Abyss.
 17280 | D:12     | Noticed oldriver's ghost (journeyman GrFE)
 17318 | D:12     | Reached skill level 10 in Shields
 17389 | D:11     | Found Pochivad's General Store.
 17400 | D:11     | Noticed Sonja
 17401 | D:11     | Noticed Sonja
 17401 | D:11     | Sonja changed into Sonja the golden eye
 17409 | D:11     | Killed Sonja the golden eye
 17530 | D:12     | Found Othrut's Gadget Shoppe.
 17547 | D:12     | Noticed Frances
 17558 | D:12     | Reached XP level 17. HP: 160/170 MP: 13/13
 17565 | D:12     | Killed Frances
 17871 | D:12     | Identified the +8 hand axe of Summertime {distort, MR+
                  | Str-2 Int+4 Dex+2}
 17871 | D:12     | Identified the +6 scale mail "Yxzigug" {rElec rC- rN+}
 17885 | D:12     | Found a transporter.
 18279 | D:12     | Bought a condenser vane (2/2) for 280 gold pieces
 18388 | D:13     | Noticed Urug
 18408 | D:13     | Killed Urug
 18492 | D:13     | Found a roughly hewn altar of Beogh.
 19115 | D:14     | Found a gate to the Vaults.
 19591 | D:14     | Found a portal to a secret trove of treasure.
 19913 | D:15     | Entered Level 15 of the Dungeon
 19994 | D:15     | Found a sacrificial altar of Ru.
 20061 | D:15     | Found a shadowy altar of Dithmenos.
 20141 | D:15     | Found a staircase to the Depths.
 20699 | Depths:1 | Entered Level 1 of the Depths
 20728 | Depths:1 | Found a gateway to Hell.
 21089 | Depths:3 | Gained mutation: You passively map a large area around you.
                  | [Deep Dwarf growth]
 21089 | Depths:3 | Reached XP level 18. HP: 147/181 MP: 15/15
 21130 | Depths:3 | Noticed a juggernaut
 21319 | Depths:2 | Found a gateway to a ziggurat.
 21567 | Depths:4 | Found an opulent altar of Gozag.
 21568 | Depths:4 | Found a glowing silver altar of Zin.
 21568 | Depths:4 | Found a shimmering altar of Xom.
 21736 | Depths:5 | Entered Level 5 of the Depths
 21796 | Depths:5 | Found Nois's Jewellery Shoppe.
 21884 | Depths:5 | Found Fatotuh's Distillery.
 21902 | Depths:5 | Bought 2 potions of curing for 114 gold pieces
 21902 | Depths:5 | Bought a potion of resistance for 190 gold pieces
 21902 | Depths:5 | Bought a potion of curing for 57 gold pieces
 21902 | Depths:5 | Bought a potion of heal wounds for 95 gold pieces
 21927 | Depths:5 | Found Holoufoq's Antique Weapon Shop.
 21961 | Depths:5 | Noticed a caustic shrike
 21961 | Depths:5 | Noticed a caustic shrike
 21961 | Depths:5 | Noticed a caustic shrike
 21962 | Depths:5 | Found a one-way gate leading to the halls of Pandemonium.
 21976 | Depths:5 | Killed a caustic shrike
 21990 | Depths:5 | HP: 5/183 [caustic shrike (18)]
 21990 | Depths:5 | Splashed by a caustic shrike's acid

Illustrated notes

.≈........°≈♣♣♣≈≈ ≈ ≈ ,, *
≈.≈..#..≈....≈≈.....≈..≈.§≈
.≈....†.......≈...#.§.....≈♣
.♣..≈.≈...≈.§≈..§.§.§≈.....♣
.≈.≈.≈≈†...≈.....≈....§≈≈..♣
≈.≈≈..≈..≈.≈.D.....≈.§..≈.≈♣
♣≈.≈.......§§.≈.D....≈.....♣
..≈≈...§≈.≈....DD°..§..§..≈♣
.≈...≈........≈°♣°.≈≈§...≈≈♣
♣..≈.≈...§≈..≈.°○.≈≈..≈.≈.♣♣
.≈..≈..≈.≈≈.≈.≈.§.≈§.≈≈....♣
......≈..§.≈..§≈..≈≈......≈♣
.....≈....≈≈..≈.≈...≈.≈...♣♣
≈≈.≈....≈≈....≈≈..≈.≈.≈..≈.♣
..≈...≈≈≈≈...≈..≈...≈..≈...♣
≈.§.≈≈...≈≈≈≈..≈.≈.§....≈..♣
.≈.≈.≈≈......§....§≈..≈≈≈≈.♣


Turn 13138 on Swamp:4: uh

Levels and vault maps discovered:
D:1:      shiori_arrival_elements, layout_rooms
D:2:      layout_loops_ring, hex_large, uniq_natasha
D:3:      layout_loops_ring, uniq_sigmund
D:4:      layout_gridville, marbit_many_paths
D:5:      layout_basic, minmay_temple_entry_antechambers,
          nicolae_ashenzari_panopticon, uniq_edmund, uniq_duvessa
D:6:      layout_loops_ring, serial_co_window_serial, co_window_cross_1,
          co_window_of_opportunity_a, co_window_paths_a, co_window_paths_a,
          co_window_paths_b, co_window_paths_b, co_window_paths_b,
          co_window_corner_b, co_window_corner_ca, co_window_2corner,
          co_window_2corner, co_window_4corner_a, co_window_4corner_b
D:7:      wander_river, layout_cave_pools, bloody_makhleb
D:8:      layout_gridville, uniq_maurice
D:9:      cheibrodos_helix_gallery, layout_basic, dpeg_oklobed_lair
D:10:     layout_stronghold, erik_orc_4, uniq_josephine, uniq_fannar
D:11:     layout_stronghold, serial_shops, nicolae_shop_window_shopping,
          uniq_sonja
D:12:     minmay_swirls_squares, layout_gridville,
          gammafunk_ghost_abyssal_escape, serial_shops,
          nicolae_shop_behind_doors, uniq_frances
D:13:     layout_roguey [special_room_orc], uniq_urug
D:14:     layout_small_grid, hangedman_vaults_entry_quadrant_bands,
          chequers_mini_garden, enter_trove_0, serial_co_window_serial,
          co_window_of_opportunity_a, co_window_paths_a,
          co_window_of_opportunity_a, co_window_paths_b, co_window_paths_a,
          co_window_broadway_a, co_window_corner_ca, co_window_unsneaky_path_b,
          co_window_broadway_a, co_window_of_opportunity_b, special_room
          [special_room_bee], kennysheep_generic_room_7
D:15:     gammafunk_depths_entry_grave, layout_loops_ring,
          grunt_dithmenos_smoke_and_mirrors, nicolae_ru_sacrificial_ziggurat
Temple:   regret_index_temple_sigil_plot
Lair:1:   layout_regular_city, beast_lair_carwin_7, grunt_megastairs_2
Lair:2:   layout_loops_ring, serial_bayou_lagoon_a, gammafunk_lair_bear_cave
Lair:3:   minmay_lair_oklob_tunnel, layout_regular_city, swamp_mist_pool
Lair:4:   layout_misc_corridors, minmay_snake_entry_six_corridors,
          lemuel_oklob_altar
Lair:5:   layout_cave_pods
Swamp:1:  layout_falls_marsh, nicolae_swamp_triple_paths
Swamp:2:  layout_basic_swamp, evilmike_swamp_ruin_house_1,
          nicolae_island_escapes
Swamp:3:  layout_falls_marsh, evilmike_swamp_ruin_house_4
Swamp:4:  swamp_old_school, layout_basic_swamp
Snake:1:  layout_misc_corridors, grunt_megastairs_1, serial_bayou_shore_b
Snake:2:  layout_cave_town, ebering_ghost_gozag, uniq_roxanne, uniq_aizul
Snake:3:  layout_layer_cave
Snake:4:  johnstein_snake_rune_scales, layout_cave_town, serial_shops, shop
Orc:1:    layout_caves, uniq_erica, uniq_jorgrun
Orc:2:    st_orc_congregation, layout_caves, basic_altar, uniq_saint_roka
Depths:1: layout_cave_pools, pf_hell_entry_tar_river, kennysheep_big_empty_room,
          hangedman_research_thermodynamics, serial_bayou_shore_a,
          minmay_shoptagon
Depths:2: dpeg_oklob_gauntlet, layout_cave_shapes, enter_ziggurat_d,
          serial_bayou_ford_a, pf_vacation_house_of_asmodeus, minmay_shop_star,
          infiniplex_staircase_pool_2
Depths:3: hangedman_cross_stitches, layout_gridlike, corexii_corridor_pit,
          hell_entry, rand_demon_pan_entry_8, minmay_staircase_bubble,
          uniq_enchantress
Depths:4: hangedman_slaughterboxes, hell_entry, abyss_entry
Depths:5: grunt_zot_entry_bicorn, layout_cave_pools, hell_entry, serial_shops,
          nicolae_shop_stone, shop, shop, shop, rand_demon_pan_entry_3,
          abyss_entry_flame_altar, minmay_misc_feat_plants

Skill      XL: |  1  2  3  4  5  6  7  8  9 10 11 12 13 14 15 16 17 18 |
---------------+-------------------------------------------------------+-----
Axes           | 3 4 5 7 8 10 11 12 13 14 15 17 18 | 18.0
Fighting       | 3 5 7 9 10 11 13 15 16 | 16.5
Dodging        | 2 5 8 10 11 12 | 12.6
Invocations    | 2 6 8 9 13 15 16 17 | 17.3
Evocations     | 2 5 7 11 12 | 12.0
Armour         | 4 6 9 11 12 | 12.7
Shields        | 5 7 10 11 12 | 12.2

Action                   |  1- 3 |  4- 6 |  7- 9 | 10-12 | 13-15 | 16-18 || total
-------------------------+-------+-------+-------+-------+-------+-------++-------
Melee: War axe           |    45 |   223 |   483 |   879 |   509 |       ||  2139
       Morningstar       |       |       |       |     9 |       |       ||     9
       Hand axe          |       |       |       |    10 |    59 |    48 ||   117
       Broad axe         |       |       |       |       |   685 |  1524 ||  2209
Throw: Dart              |       |       |       |     1 |     1 |       ||     2
Invok: Lesser Servant of |       |       |       |     5 |    17 |     5 ||    27
       Greater Servant o |       |       |       |       |     3 |     4 ||     7
 Abil: Heal Wounds       |     2 |     2 |    17 |    26 |    36 |    18 ||   101
Evoke: Wand              |       |       |       |     4 |     7 |     1 ||    12
       Condenser vane    |       |       |       |       |       |     1 ||     1
  Use: Scroll            |       |     2 |    12 |    13 |     9 |    16 ||    52
       Potion            |       |       |     4 |       |     6 |       ||    10
 Stab: Paralysed         |       |       |       |     1 |     4 |       ||     5
       Distracted        |       |       |       |     1 |     2 |     2 ||     5
Armor: Scale mail        |    34 |    61 |       |       |       |       ||    95
       Chain mail        |       |    47 |   163 |   246 |     1 |       ||   457
       Plate armour      |       |       |    17 |    57 |   716 |   444 ||  1234
       Skin              |       |       |       |       |    60 |       ||    60
Dodge: Dodged            |    26 |    72 |    59 |   213 |   376 |   258 ||  1004
Block: Kite shield       |    24 |   133 |   225 |   658 |   198 |       ||  1238
       Reflection        |       |       |     4 |     2 |    83 |   121 ||   210
       Tower shield      |       |       |       |       |  1292 |  1888 ||  3180

Table legend: (Time is in decaauts)
 A = Elapsed time spent in this place.
 B = Non-inter-level travel time spent in this place.
 C = Inter-level travel time spent in this place.
 D = Time resting spent in this place.
 E = Time spent auto-exploring this place.
 F = Levels seen in this place.
 G = Mean time per level.
                   A        B        C        D        E       F      G
               +--------+--------+--------+--------+--------+-----+--------+
         Total |  21092 |  19104 |   1988 |    384 |  11271 |  36 |  585.9 |
       Dungeon |   9533 |   8539 |    994 |    126 |   5245 |  15 |  635.5 |
        Temple |     24 |     15 |      9 |      0 |     10 |   1 |   24.0 |
          Lair |   3783 |   3356 |    427 |    178 |   2338 |   5 |  756.6 |
         Swamp |   1881 |   1674 |    207 |      0 |    772 |   4 |  470.2 |
     Snake Pit |   2725 |   2581 |    144 |      0 |   1654 |   4 |  681.2 |
  Orcish Mines |   2017 |   1864 |    153 |     55 |    993 |   2 | 1008.5 |
        Depths |   1126 |   1074 |     52 |     25 |    257 |   5 |  225.2 |
               +--------+--------+--------+--------+--------+-----+--------+

Top non-repeatable levels by time:
   Orc:2: 1357 daAuts
 Snake:4: 1195 daAuts
    D:10: 1135 daAuts
 Snake:3: 1105 daAuts
     D:6: 1084 daAuts
  Lair:5: 1001 daAuts
     D:5: 884 daAuts
  Lair:2: 863 daAuts
  Lair:3: 855 daAuts
    D:14: 853 daAuts
    D:12: 793 daAuts
 Swamp:4: 774 daAuts
  Lair:4: 731 daAuts
    D:15: 700 daAuts
   Orc:1: 659 daAuts
